 Dungeon Sprint DCSS version 0.15-a0-1485-g692b94f (webtiles) character file.

176 PolkaDot the Brawler (level 10, -3/116 HPs)
             Began as a Troll Monk on June 14, 2014.
             Was the Champion of Jiyva.
             Slain by a deep troll (13 damage)
             ... in the Dungeon (Sprint VI: "Thunderdome").
             The game lasted 00:16:21 (1101 turns).

PolkaDot the Brawler (Troll Monk)                   Turns: 1101, Time: 00:16:22

HP  -3/116       AC  4     Str 24      XL: 10   Next: 52%
MP   4/4         EV 13     Int 13      God: Jiyva [******]
Gold 206         SH  0     Dex 15      Spells:  0 memorised,  9 levels left

rFire  x x .     SeeInvis +       - Unarmed
rCold  + . .     Clarity  .     t - troll hide
rNeg   + . .     rCorr    +     (shield restricted)
rPois  +         rRot     .     (helmet restricted)
rElec  +         Spirit   .     (no cloak)
SustAb .         Warding  +     (gloves unavailable)
rMut   .         NoTele   +     (boots unavailable)
Gourm  +                        m - amulet of Kisias {Ward rElec rF- rN+ MR++ SInv}
MR     ++...                    p - ring "Ghyiduow" {Ice +Inv Str+3 Int+3 Dam+4 SInv}
                                o - ring of Sunlight {rElec rPois Int+4}

@: very resistant to hostile enchantments, very unstealthy
A: unfitting armour, claws 3, fast metabolism 3, gourmand, regeneration 2,
robust 1, saprovore 2, shaggy fur 1, tough skin 2, eyeballs 1, pseudopods 1,
jelly sensing items, jelly absorbing missiles
a: Request Jelly, Jelly Paralyse, Slimify, Cure Bad Mutation, Renounce Religion,
Evoke Invisibility
}: 1/15 runes: serpentine


You were in the Dungeon.
You worshipped Jiyva.
Jiyva was exalted by your worship.
You were very full.

You visited 1 branch You collected 470 gold pieces.
You spent 264 gold pieces at shops.

Inventory:

Armour
 a - a +0 robe
 t - a troll hide (worn)
Magical devices
 i - a wand of cold (5)
 j - a wand of fire (5)
 r - a wand of frost (4)
Comestibles
 b - 2 meat rations
 g - 7 chunks of deep troll flesh {@w1}
 q - 3 royal jellies
 u - 6 chunks of iron troll flesh {@w1}
Scrolls
 h - 4 scrolls of blinking
 k - 3 scrolls of fog
Jewellery
 m - the amulet of Kisias (around neck) {Ward rElec rF- rN+ MR++ SInv}
   (You bought it in a shop in the Dungeon)

   [amulet of warding]

   It may prevent the melee attacks of summoned creatures.
   It makes you vulnerable to fire.
   It insulates you from electricity.
   It protects you from negative energy.
   It affects your resistance to hostile enchantments.
   It enhances your eyesight.
 o - the ring of Sunlight (left claw) {rElec rPois Int+4}
   (You bought it in a shop in the Dungeon)

   [ring of intelligence]

   It affects your intelligence (+4).
   It insulates you from electricity.
   It protects you from poison.
 p - the ring "Ghyiduow" (right claw) {Ice +Inv Str+3 Int+3 Dam+4 SInv}
   (You bought it in a shop in the Dungeon)

   [ring of ice]

   It enhances your ice magic, and weakens your fire magic.
   It affects your strength (+3).
   It affects your intelligence (+3).
   It affects your damage with ranged weapons and melee attacks (+4).
   It makes you vulnerable to fire.
   It protects you from cold.
   It enhances your eyesight.
   It lets you turn invisible.
Potions
 c - 2 potions of curing
 d - 2 potions of heal wounds
 e - 3 potions of haste
 f - a potion of magic
 l - a potion of resistance


   Skills:
 + Level 8.5 Fighting
 + Level 6.7 Dodging
 - Level 1.1 Stealth
 * Level 19.3 Unarmed Combat


You had 9 spell levels left.
You didn't know any spells.

Dungeon Overview and Level Annotations

Branches:
Dungeon (1/1)

Altars:
Cheibriados
Dithmenos
Elyvilon
Fedhas
Gozag
Kikubaaqudgha
Makhleb
Nemelex Xobeh
Okawaru
Qazlal
Sif Muna
Trog
Vehumet
Xom
Yredelemnul
Zin
The Shining One
Jiyva
Lugonu

Shops:
D *[%??*?*:[((!!!!


Innate Abilities, Weirdness & Mutations

You are too large for most types of armour.
You have claws for hands.
Your metabolism is lightning-fast.
You like to eat raw meat.
You heal very quickly.
You can eat rotten meat.
You are covered in fur (AC +1).
You have very tough skin (AC +2).
You are robust (+10% HP).
Your body is partially covered in golden eyeballs (Acc +3).
Armour fits poorly on your pseudopods.
You have a small jelly attached to you that senses nearby items.
You have a small jelly attached to you that may absorb incoming projectiles.


Message History

You claw the iron troll!
You bludgeon the iron troll, but do no damage.
The iron troll is moderately wounded.
Drink which item? (? for menu, Esc to quit)
You feel much better.
You eviscerate the deep troll!!!
The deep troll begins to bleed from its wounds!
The deep troll is severely wounded.
The deep troll bites you! The deep troll misses you. The deep troll claws you.
You claw the deep troll! You bludgeon the deep troll.
The deep troll is almost dead.
The iron troll is no longer bleeding.
You barely miss the deep troll. You bludgeon the deep troll.
The deep troll is almost dead.
The deep troll bites you!!
* * * LOW HITPOINT WARNING * * *
The deep troll claws you!
* * * LOW HITPOINT WARNING * * *
The deep troll claws you!
You die...

###.........### #⌠...........⌠#
######.8.........8.######
##∩___......###......___∩##
###∩........8.# #.8........∩###
##.............###.............#
#⌠..........###...###..........⌠
#⌠..........# #.<.# #..........⌠
#⌠..........###@..###..........⌠
##...........TT###.............#
###∩........8.# #.8........∩###
##∩.__......###......___∩##
######.8.........8.######
#⌠...........⌠# ###.........###
#........_# #...J...._#


You could see an iron troll and a deep troll (bleeding).

Vanquished Creatures
  A naga warrior (D)
  An iron troll (D)
  2 deep trolls (D)
  Grinder (D)
  2 merfolk (D)
  A troll (D)
  A wolf (D)
  2 hippogriffs (D)
  2 hell hounds (D)
  A centaur (D)
  A hound (D)
  2 iron imps (D)
  A worker ant (D)
  An adder (D)
  A white imp (D)
  An ufetubus (D)
  A jackal (D)
  A kobold (D)
  A rat (D)
24 creatures vanquished.

Vanquished Creatures (others)
  5 jellies (D)
5 creatures vanquished.

Grand Total: 29 creatures vanquished

Notes
Turn   | Place    | Note
--------------------------------------------------------------
     0 | D        | PolkaDot, the Troll Monk, began the quest for the Orb.
     0 | D        | Reached XP level 1. HP: 22/22 MP: 1/1
     1 | D        | Found a deep blue altar of Sif Muna.
     2 | D        | Found a stormy altar of Qazlal.
     3 | D        | Found a shadowy altar of Dithmenos.
     3 | D        | Found a corrupted altar of Lugonu.
     4 | D        | Found Ozaumuga's Jewellery.
     4 | D        | Found Givuicw's Bee Food.
     4 | D        | Found a glowing golden altar of the Shining One.
     4 | D        | Found a white marble altar of Elyvilon.
     5 | D        | Round 1.
     6 | D        | Found Klaopoma's Advanced Armour.
     6 | D        | Found Agorianu's Identification Station.
    27 | D        | Bought a wavering golden amulet for 45 gold pieces
    27 | D        | Bought a flickering golden ring for 45 gold pieces
    27 | D        | Bought an ancient brass ring for 45 gold pieces
    27 | D        | Bought a sparkling turquoise ring for 45 gold pieces
    28 | D        | Identified the amulet of Kisias {Ward rElec rF- rN+ MR++ SInv} (You bought it in a shop in the Dungeon)
    29 | D        | Identified the cursed ring "Tosisel" {AC-2 Str+4 Int+2} (You bought it in a shop in the Dungeon)
    30 | D        | Identified the ring of Sunlight {rElec rPois Int+4} (You bought it in a shop in the Dungeon)
    32 | D        | Identified the ring "Ghyiduow" {Ice +Inv Str+3 Int+3 Dam+4 SInv} (You bought it in a shop in the Dungeon)
    39 | D        | Found Suazul's Magic Scroll Shop.
    41 | D        | Reached skill level 5 in Unarmed Combat
    41 | D        | Reached XP level 2. HP: 29/29 MP: 1/1
    42 | D        | Found Ummerr's Magic Scroll Shop.
    43 | D        | Found a basalt altar of Yredelemnul.
    43 | D        | Found a burning altar of Makhleb.
    44 | D        | Found a sparkling altar of Nemelex Xobeh.
    45 | D        | Found Kloskapt's Staff Store.
    45 | D        | Found Cuaza's Must-Have Magic.
    61 | D        | Found a viscous altar of Jiyva.
    63 | D        | Found a glowing silver altar of Zin.
    63 | D        | Found a blossoming altar of Fedhas.
    63 | D        | Found Laurajoy's Distillery.
    63 | D        | Found Jitail's Distillery.
    64 | D        | Found a radiant altar of Vehumet.
    65 | D        | Found Cha Mag's Bottled Wisdom.
    65 | D        | Found a shimmering altar of Xom.
    66 | D        | Became a worshipper of Jiyva Jeahimun the Shapeless
    66 | D        | Acquired Jiyva's first power
    66 | D        | Acquired Jiyva's second power
    67 | D        | Found a snail-covered altar of Cheibriados.
    67 | D        | Found Saazul's Do-It-Yourself Clinic.
    82 | D        | Found a bloodstained altar of Trog.
    83 | D        | Found an opulent altar of Gozag.
    90 | D        | Reached skill level 7 in Unarmed Combat
    90 | D        | Reached XP level 3. HP: 21/36 MP: 2/2
   103 | D        | Found an iron altar of Okawaru.
   104 | D        | Found Wiumum's Weapon Rack.
   105 | D        | Found Klor's Basic Armour.
   109 | D        | Found Fas Schyane's Miscellaneous Merchandise.
   110 | D        | Found an ancient bone altar of Kikubaaqudgha.
   111 | D        | Found Wudwuluf's Premium Goods.
   149 | D        | Arena points: 5 (+5) [x1]
   151 | D        | Bought 3 royal jellies for 24 gold pieces
   164 | D        | Round 2.
   167 | D        | Noticed Grinder
   193 | D        | Killed Grinder
   193 | D        | Reached skill level 12 in Unarmed Combat
   193 | D        | Reached XP level 4. HP: 28/44 MP: 2/2
   193 | D        | Reached XP level 5. HP: 31/50 MP: 2/2
   202 | D        | Reached XP level 6. HP: 42/59 MP: 3/3
   239 | D        | Reached skill level 13 in Unarmed Combat
   247 | D        | Arena points: 29 (+24) [x2]
   320 | D        | Round 3.
   352 | D        | Noticed a hell hound
   356 | D        | Killed a hell hound
   366 | D        | Reached skill level 14 in Unarmed Combat
   444 | D        | Noticed a hell hound
   449 | D        | Killed a hell hound
   450 | D        | Noticed a wolf
   464 | D        | Killed a wolf
   464 | D        | Reached XP level 7. HP: 16/68 MP: 3/3
   512 | D        | Arena points: 47 (+18) [x1]
   526 | D        | Bought a scroll of remove curse for 60 gold pieces
   527 | D        | Round 4.
   532 | D        | Noticed a merfolk
   546 | D        | Killed a merfolk
   546 | D        | Reached skill level 15 in Unarmed Combat
   592 | D        | Reached skill level 5 in Fighting
   597 | D        | Gained mutation: You have a small jelly attached to you that senses nearby items. [Jiyva's grace]
   598 | D        | Acquired Jiyva's third power
   598 | D        | Gained mutation: Your body is partially covered in golden eyeballs (Acc +3). [Jiyva's grace]
   601 | D        | Gained mutation: You are agile. (Dex +2) [Jiyva's grace]
   601 | D        | Acquired Jiyva's fourth power
   606 | D        | Gained mutation: You are robust (+10% HP). [Jiyva's grace]
   629 | D        | Reached skill level 16 in Unarmed Combat
   629 | D        | Reached XP level 8. HP: 47/91 MP: 3/3
   660 | D        | Noticed a merfolk
   669 | D        | Killed a merfolk
   681 | D        | Gained mutation: You have a small jelly attached to you that may absorb incoming projectiles. [Jiyva's grace]
   729 | D        | Arena points: 71 (+24) [x1]
   744 | D        | Round 5.
   747 | D        | Noticed a naga warlord
   763 | D        | Killed a naga warlord
   763 | D        | Arena points: 176 (+105) [x3]
   763 | D        | Reached skill level 5 in Dodging
   763 | D        | Reached skill level 17 in Unarmed Combat
   763 | D        | Reached XP level 9. HP: 98/102 MP: 4/4
   764 | D        | Got a serpentine rune of Zot
   767 | D        | Reached skill level 18 in Unarmed Combat
   767 | D        | Reached XP level 10. HP: 73/112 MP: 4/4
   826 | D        | Gained mutation: Armour fits poorly on your pseudopods. [Jiyva's grace]
   827 | D        | Lost mutation: You are agile. (Dex +2) [Jiyva's grace]
   974 | D        | Round 6.
   975 | D        | Noticed a deep troll
   981 | D        | Killed a deep troll
   988 | D        | Noticed an iron troll
  1005 | D        | Killed an iron troll
  1020 | D        | Noticed a deep troll
  1029 | D        | Killed a deep troll
  1029 | D        | Reached skill level 19 in Unarmed Combat
  1084 | D        | Noticed an iron troll
  1086 | D        | Noticed a deep troll
  1101 | D        | Slain by a deep troll

Action                   |  1- 3 |  4- 6 |  7- 9 | 10-12 || total
-------------------------+-------+-------+-------+-------++-------
Melee: Unarmed           |    15 |    21 |    26 |    25 ||    87
Invok: Request Jelly     |     1 |       |       |       ||     1
  Use: Potion            |       |       |     5 |     1 ||     6
       Scroll            |       |       |     1 |       ||     1
